Cogmind - Beta 10 X2 --- EXPLORER MODE // 2020.07.18 @ 22:41:09 // Experiment/BattleRoyale Player: Minty Result: Core destroyed Performance ------------- Evolutions (0) 0 Regions Visited (0) 0 Robots Destroyed (2) 10 Value Destroyed (1000) 1000 Prototype IDs (2) 40 Alien Tech Used (0) 0 Bonus (0) 0 TOTAL SCORE: 1050 Bonus ------- None Cogmind --------- Core Integrity 0/250 Matter 124/300 Energy 222/320 System Corruption 0% Temperature Cool (1424) Movement Walking (145) Ox1 Location -5/Wartown Parts ------- > --- POWER (3) -------- Nuclear Core Light Particle Reactor > --- PROPULSION (4) --- Improved Carbon-fiber Leg Myomer Leg Biometal Leg > --- UTILITY (6) ------ Advanced Power Amplifier Large Storage Unit Enhanced Optical Array Advanced Targeting Computer Improved Weapon Cycler Medium Armor Plating > --- WEAPON (4) ------- Heavy Gatling Laser Dispersion Rifle Mass Driver Enhanced Gauss Cannon > --- INVENTORY (10) --- (None) Peak State ------------ > --- POWER ------------ Nuclear Core Light Particle Reactor > --- PROPULSION ------- Improved Carbon-fiber Leg Myomer Leg Biometal Leg > --- UTILITY ---------- Advanced Power Amplifier Large Storage Unit Enhanced Optical Array Advanced Targeting Computer Improved Weapon Cycler Medium Armor Plating > --- WEAPON ----------- Heavy Gatling Laser Dispersion Rifle Mass Driver Enhanced Gauss Cannon > --- INVENTORY -------- (None) [Rating: 79] Favorites ----------- Power Nuclear Core Engine Angular Momentum Engine Power Core Nuclear Core Reactor Light Particle Reactor Propulsion Improved Carbon-fiber Leg Leg Improved Carbon-fiber Leg Flight Unit Nuclear Pulse Thruster Utility Advanced Power Amplifier Device Advanced Power Amplifier Storage Large Storage Unit Processor Enhanced Optical Array Protection Medium Armor Plating Weapon Greatsword Energy Gun Heavy Gatling Laser Energy Cannon Heavy Ion Cannon Ballistic Gun Light Assault Rifle Ballistic Cannon Heavy Flak Cannon Launcher Smartbomb Launcher Slashing Weapon Greatsword Build | -5 ------- Run | Tow Slots Evolved . | . Power . | . Propulsion . | . Utility . | . Weapon . | . Parts Attached 11 | 11 Power 1 | 1 Engine . | . Core . | . Reactor 1 | 1 Propulsion 2 | 2 Treads . | . Leg 2 | 2 Wheel . | . Hover . | . Flight . | . Utility 1 | 1 Device . | . Storage . | . Processor . | . Hackware . | . Protection 1 | 1 Artifact . | . Weapon 7 | 7 Energy Gun 2 | 2 Energy Cannon 1 | 1 Ballistic Gun . | . Ballistic Cannon 3 | 3 Launcher 1 | 1 Special Weapon . | . Impact Weapon . | . Slashing Weapon . | . Piercing Weapon . | . Special Melee Weapon . | . Unidentified Prototypes 1 | 1 Parts Lost 7 | 7 Power 1 | 1 Propulsion 2 | 2 Utility 1 | 1 Weapon 3 | 3 Highest Loss Streak 7 | 7 Average Slot Usage (%) 87 | 87 Engine 4 | 4 Core 5 | 5 Reactor 1 | 1 Leg 21 | 21 Device 16 | 16 Storage 5 | 5 Processor 11 | 11 Energy Gun 2 | 2 Energy Cannon 2 | 2 Ballistic Cannon 5 | 5 Slashing Weapon 4 | 4 Naked Turns . | . Heaviest Build 77 | 77 Greatest Support 89 | 89 Greatest Overweight (x) 1 | 1 Average Overweight (x) . | . Largest Inventory Capacity 10 | 10 Average Capacity 10 | 10 Most Carried . | . Average Carried . | . Final Capacity 10 | 10 Final Carried . | . Class Distribution -------------------- 79% | Hacker-Mutant 20% | Hacker-Gunner Dominant Class ---------------- Hacker-Mutant | -5/Wartown Resources | -5 ----------- Run | Tow Matter Collected 31 | 31 Remotely . | . Salvage Created 31 | 31 Parts . | . Haulers Intercepted . | . Recyclers Shooed . | . Parts Field Recycled . | . Retrieved Matter . | . Parts Self-Destructed . | . Prevented . | . Kills | -5 ------- Run | Tow Combat Hostiles Destroyed 2 | 2 Cannons 2 | 2 Classes Destroyed 1 | 1 Player 2 | 2 Best Kill Streak 1 | 1 Combat Bots Only 1 | 1 Max Kills in Single Turn 1 | 1 Gunslinging . | . Exploded . | . Melee . | . Uniques/NPCs Destroyed . | . Combat | -5 -------- Run | Tow Damage Taken 447 | 447 Core 277 | 277 Absorbed by Shields . | . Redirected to Core 6114 | 6114 Core Remaining (%) . | . Volleys Fired 28 | 28 Largest 4 | 4 Hottest 302 | 302 Shots Fired 46 | 46 Gun 12 | 12 Cannon 33 | 33 Launcher 1 | 1 Special . | . Kinetic 34 | 34 Thermal 11 | 11 Explosive 1 | 1 Electromagnetic . | . Robot Hit Streak 41 | 41 Robot Miss Streak 4 | 4 Penetration Max . | . Secondary Targets . | . Shots Hit Robots 36 | 36 Core Hits 5 | 5 Critical Hits 2 | 2 Critical Kills . | . Critical Parts Destroyed . | . Melee Attacks 2 | 2 Impact . | . Slashing 2 | 2 Piercing . | . Sneak Attacks . | . Combat Hostiles . | . Follow-up Attacks . | . Damage Inflicted 1267 | 1267 Guns 154 | 154 Cannons 759 | 759 Explosions 245 | 245 Melee 109 | 109 Ramming . | . Kinetic 771 | 771 Thermal 142 | 142 Explosive 245 | 245 Electromagnetic . | . Impact . | . Slashing 109 | 109 Piercing . | . Highest Corruption . | . Average Corruption . | . Corruption Purged . | . Overload Shots . | . Overflow Damage . | . Projectiles . | . Explosions . | . Melee . | . Knockbacks 2 | 2 Impact . | . Kinetic 2 | 2 Secondary . | . Self-Inflicted Damage 28 | 28 Shots 2 | 2 Rammed . | . Targets Rammed . | . Kicked . | . Crushed . | . Highest Temperature 1424 | 1424 Average Temperature 196 | 196 Received Heat Transfer 36 | 36 Effects 14 | 14 Shutdowns 4 | 4 Energy Bleed 2 | 2 Interference 2 | 2 Matter Decay 1 | 1 Short Circuit 2 | 2 Damage (minor) 1 | 1 Damage (core) 2 | 2 Siege Activations . | . Robots Corrupted . | . Combat Hostiles . | . Parts Fried . | . Impact Corruptions . | . Robots Melted . | . Combat Hostiles . | . Parts Melted . | . Heat Transferred 54 | 54 Parts Sabotaged . | . Parts Stolen . | . Parts Stripped . | . Power Chain Reactions . | . Missiles Intercepted . | . Alert | -5 ------- Run | Tow Peak Influence . | . Average Influence . | . Maximum Alert Level . | . Low Security (%) . | . Level 1 . | . Level 2 . | . Level 3 . | . Level 4 . | . Level 5 . | . High Security . | . Max Security . | . Squads Dispatched . | . Investigation . | . Extermination . | . Reinforcement . | . Assault . | . Garrison . | . Intercept . | . Construction Impeded . | . Haulers Reinforced . | . Stealth | -5 --------- Run | Tow Distress Signals . | . Communications Jammed . | . Distress Signals . | . Times Spotted 3 | 3 Peak Tracking Total 1 | 1 Tactical Retreats . | . Traps | -5 ------- Run | Tow Traps Triggered . | . Indirectly . | . Trap Hack Attempts . | . Triggered . | . Disarmed . | . Reprogrammed . | . Reused . | . Traps Extracted . | . Installed . | . Triggered . | . Machines | -5 ---------- Run | Tow Machines Disabled 2 | 2 Max in Single Turn 2 | 2 Machines Sabotaged . | . Garrisons Compromised . | . Overloaded Fab Kills . | . Fab Network Shutdowns . | . Hacking | -5 --------- Run | Tow Machines Accessed . | . Terminals . | . Fabricators . | . Repair Stations . | . Recycling Units . | . Scanalyzers . | . Garrison Access . | . Total Hacks . | . Successful . | . Failed . | . Catastrophic . | . Database Lockouts . | . Manual . | . Terminals . | . Fabricators . | . Repair Stations . | . Recycling Units . | . Scanalyzers . | . Garrison Access . | . Terminal Hacks . | . Fabricator Hacks . | . Repair Station Hacks . | . Recycling Unit Hacks . | . Scanalyzer . | . Garrison Access Hacks . | . Unauthorized Hacks . | . Terminals . | . Fabricators . | . Repair Stations . | . Recycling Units . | . Scanalyzers . | . Garrison Access . | . Data Cores Recovered . | . Used . | . Hacking Detections . | . Full Trace Events . | . Feedback Events . | . Feedback Blocked . | . Robot Schematics Acquired . | . Robots Built . | . Matter . | . Time . | . Total Robot Build Rating . | . Part Schematics Acquired . | . Parts Built . | . Matter . | . Time . | . Total Part Build Rating . | . Parts Repaired . | . Time . | . Parts Recycled . | . Recycled Matter . | . Retrieved Matter . | . Retrieved Components . | . Parts Scanalyzed . | . Part Schematics Acquired . | . Parts Damaged . | . Bothacking | -5 ------------ Run | Tow Used RIF Installer . | . Robots Hacked . | . Non-combat . | . Combat . | . Robot Hacks Applied . | . Relay Couplers Released . | . Robots Rewired . | . Allies Hacked . | . Hacks Repelled . | . Allies | -5 -------- Run | Tow Total Allies . | . Largest Group . | . Highest-Rated Group . | . Highest-Rated Ally . | . Total Orders . | . Ally Attacks . | . Total Damage . | . Kills . | . Allies Corrupted . | . Allies Melted . | . Intel | -5 ------- Run | Tow Robot Analysis Total . | . Derelict Logs Recovered . | . Drone Launches . | . Drone Recoveries . | . Exploration | -5 ------------- Run | Tow Turns Passed 608 | 608 Spaces Moved 286 | 286 Core . | . Treads . | . Legs 286 | 286 Wheels . | . Hover . | . Flight . | . Fastest Speed 115 | 115 Average Speed 118 | 118 Slowest Speed 146 | 146 Overloaded Moves . | . Propulsion Burnouts . | . Robots Hopped . | . Cave-ins Triggered . | . Exploration Rate (%) 12 | 12 Regions Visited 1 Branch Regions 1 Pre-discovered Areas . | . Known Exits Taken . | . Unknown Exits Taken . | . Scrap Searched . | . Spaces Dug . | . Terrain Destroyed 25 | 25 Melee . | . Projectile 2 | 2 AOE 23 | 23 Actions | -5 --------- Run | Tow Total 519 | 519 Wait 189 | 189 Move 286 | 286 Hop . | . Pick Up . | . Fast Attach 11 | 11 Attach . | . Detach . | . Swap . | . Drop 3 | 3 Fire 28 | 28 Melee 2 | 2 Ram . | . Kick . | . Crush . | . Escape Stasis . | . Rewire . | . Trap . | . Miscellaneous . | . Route ------- -5/Wartown History --------- Turn | Location | Event 314 | -5/Wartown | Build established: Hacker-Mutant 450 | -5/Wartown | Core integrity fell below 50% 487 | -5/Wartown | Lost 7 parts (1p2n1u3w) 601 | -5/Wartown | Core integrity fell below 20% 610 | -5/Wartown | Core destroyed Last Messages --------------- 00595_ Power failure, Lgt. Particle Reactor shutdown. 00596_ Imp. Weapon Cycler permanently disabled. 00596_ Overheating: Short circuit. 00597_ Imp. Carbon-fiber Leg permanently disabled. 00597_ Overheating: Short circuit. 00597_ Penetrated by Slug. 00598_ Power failure, Nuclear Core shutdown. 00599_ Overheating: System interference. 00599_ Enh. Gauss Cannon temporarily disabled. 00599_ Enh. Optical Array temporarily disabled. 00600_ Overheating: Core damaged (-42). 00600_ Penetrated by Slug. 00602_ Slug penetrates Door. 00603_ Overheating: Matter decay (-15). 00604_ Power failure, Nuclear Core shutdown. 00604_ Overheating: Lrg. Storage Unit damaged (-111). 00607_ Overheating: Energy bleed (-37). 00609_ Penetrated by Slug. 00610_ Power failure, Lgt. Particle Reactor shutdown. 00610_ Overheating: Core damaged (-40). Map ----- +----------------------------------------------------+ | ??????????????????????????????????????????????# | | ??????????????????????????????????????????????# | | ??????????????????????????????????????????????# | | ??????????????????????????????????????????????# | | ??????????????????????????????????????????????# | | ??????????????????????????????????????????????# ?? | | ?????????????????????????????????????????????????? | | ?????????????????????????????????? ##########??? | | ????????????????????????????????? #??? | | ????????????????????????????????? #??? | | ???????????????????????????????? #### | | ???????????????????????????????? | | ????????????????????????????????????????# | | ????????????????????????????????????????# | | ????????????????????????????????????????# | | ????????????????????????????????????????# | | ????????????????????????????????????????+ | | ????????????????????????????????????????# | | ????????????????????????????????????????# "## | | ????????????????????????????????????????# #?? | | ????????????????????????????????????????# #?? | | ???????????#######+++++########?????????# #?? | | ???????????# #?????????# #?? | | ???????????# #?????????# #?? | | ???????????# #?????????# #?? | | ???????????# @ #?????????# ### | | ???????????# #?????????# | | ???????????# #####+##### | | ?????? ; + | | ????? + + # | | ?????? " + # | | ?????? " @ + | | ?????? " + # | | ??????? ""# ### ]= | | ??????? ??# # # | | ???????????# # # | | ???????????# # # | | ???????????# # # # | | ???????????# # # | | ???????????# # # | | ???????????########+++++####### # | | ????????????????????????????? * ######### | | ??????????????????????????? ??????? | | ????????????????????????? ?????? | | ??????????????????????? ???? | | ???????????????????????? ???? | | ??????????????????????? ?? | | ??????????????????????? ? | | ??????????????????????? | | ??????????????????????? / | +----------------------------------------------------+ Best States ------------- Heat Dissipation 25 Energy Generation 40 Energy Capacity 440 Matter Stores 300 Matter Capacity 300 Sight Range 22 Terrain Scan Density 10 Power Amplification 30 Armor Coverage 225 Resistance: KI 35 Resistance: TH 35 Resistance: EX 85 Resistance: EM 35 Resistance: I 35 Resistance: S 35 Resistance: P 35 Weapon Cycling 20 Evasion (%) 40 Targeting Accuracy 8 Offensive Hacking 20 Item Schematics ----------------- None Robot Schematics ------------------ None Fabricated ------------ Nothing Alien Tech Used ----------------- None Achievements -------------- None Challenges ------------ None Game ------ Seed TerrabombMicroInitializer Manual? 0 Play Time 00:04:26 Cumulative 212.0 hours Start 2020.07.18 @ 22:37:24 End 2020.07.18 @ 22:41:09 Sessions 1 Manual Loads 0 Difficulty Explorer Special Mode Experiment/BattleRoyale Game No. 134 Rogue 0 Adventurer 44 Explorer 90 Win Type - Total 6 Types 5/0/1/0/0/0/0 Lore% 53 Gallery% 79 Achievement% 58 Wizard Run 0 Options --------- ASCII 0 Keyboard 0 Movement Mouse Keybinds 0 Fullscreen 1 Font 18/TerminusBold Map View 76x50 Tactical HUD 1 Map Filters NONE Filters SATURATION(100) Steam 1 RUN: 7644619c-8cc5-4ac7-8024-9805f2cce2fa